 Dungeon Crawl Stone Soup version 0.24-a0-235-g3f03afcf10 (webtiles) character file.

Game seed: 17730764787009304019

185 Hercules1031 the Skirmisher (level 5, -1/42 HPs)
             Began as a Demonspawn Fighter on Apr 7, 2019.
             Slain by a killer bee (7 damage)
             ... on level 3 of the Dungeon.
             The game lasted 00:06:50 (1721 turns).

Hercules1031 the Skirmisher (Demonspawn Fighter)    Turns: 1721, Time: 00:06:51

Health: -1/42      AC:  6    Str: 18    XL:     5   Next: 37%
Magic:  5/5        EV:  8    Int:  9    God:
Gold:   96         SH: 15    Dex: 12    Spells: 4/4 levels left

rFire    . . .     SeeInvis .   a - +0 war axe
rCold    . . .     Gourm    .   c - +0 shield
rNeg     . . .     Faith    .   b - +0 scale mail
rPois    .         Spirit   .   (helmet restricted)
rElec    .         Reflect  .   (no cloak)
rCorr    .         Harm     .   (no gloves)
MR       .....                  (no boots)
Stlth    ..........             (no amulet)
HPRegen  0.14/turn              (no ring)
MPRegen  0.09/turn              (no ring)

@: no status effects
A: antennae 1, large bone plates 2, demonic guardian 1
a: no special abilities


You were on level 3 of the Dungeon.
You were not hungry.

You visited 1 branch of the dungeon, and saw 3 of its levels.

You collected 96 gold pieces.

Inventory:

Hand Weapons
 a - a +0 war axe (weapon)
Armour
 b - a +0 scale mail (worn)
 c - a +0 shield (worn)
 o - a +0 helmet
Jewellery
 f - a +2 ring of dexterity {unknown}
Scrolls
 e - a scroll of identify
 g - a scroll of fog {unknown}
 j - a scroll of enchant armour {unknown}
 k - 2 scrolls of teleportation {unknown}
 l - a scroll of remove curse {unknown}
 m - 2 scrolls of enchant weapon {unknown}
Potions
 d - a potion of might
 h - a potion of heal wounds


   Skills:
 + Level 3.8 Fighting
 + Level 2.7 Axes
 + Level 3.4 Armour
 + Level 1.9 Dodging
 + Level 3.4 Shields


You had 4 spell levels left.
You didn't know any spells.
Your spell library was empty.

Dungeon Overview and Level Annotations

Branches:
Dungeon (3/15)

Altars:
Gozag


Innate Abilities, Weirdness & Mutations

You have a pair of small antennae on your head.
You are mostly covered in large bone plates. (SH +6)
A weak demonic guardian rushes to your aid.


Message History

Your shadow imp misses the killer bee.
The killer bee closely misses you. The killer bee stings you.
Your shadow imp gestures at the killer bee.
The killer bee writhes in agony!
You miss the killer bee. You hit the killer bee.
You kill the killer bee!
You block the killer bee's attack. x2; The killer bee closely misses you.
A quokka comes into view.
Your shadow imp completely misses the killer bee.
The killer bee stings you.
Unknown command.
You completely miss the killer bee. You miss the killer bee.
The killer bee closely misses you. The killer bee stings you.
* * * LOW HITPOINT WARNING * * *
The killer bee stings you.
* * * LOW HITPOINT WARNING * * *
The killer bee closely misses you.
Your shadow imp completely misses the killer bee.
You block the killer bee's attack. The killer bee stings you!
You die...

#..†............
#...............#
#...............#
#...............# ..
##..............##..
#..............#..>
#..............r...
#..................
#####.##...@y......
#.##....y..#!..
#.##...5...#
#.#####....# #.#
###### #.# #.# #.#


You could see 2 killer bees, a quokka and a friendly shadow imp.

Vanquished Creatures
  A killer bee (D:3)
  Robin (D:2)
  An adder (D:2)
  4 oozes
  4 dart slugs
  An orc (D:3)
  5 giant cockroaches
  10 goblins
  6 hobgoblins
  A ball python (D:1)
  7 bats
  5 frilled lizards
  6 kobolds
  5 rats
57 creatures vanquished.

Vanquished Creatures (collateral kills)
  An ice beast (D:3)
  5 goblins (D:2)
  2 hobgoblins (D:2)
8 creatures vanquished.

Grand Total: 65 creatures vanquished

Notes
Turn   | Place    | Note
-------+----------+-------------------------------------------
     0 | D:1      | Hercules1031 the Demonspawn Fighter began the quest for the
                  | Orb.
     0 | D:1      | Reached XP level 1. HP: 18/18 MP: 1/1
    44 | D:1      | Gained mutation: You have a pair of small antennae on your
                  | head. [demonic ancestry]
    44 | D:1      | Reached XP level 2. HP: 18/24 MP: 2/2
   177 | D:1      | Gained mutation: A weak demonic guardian rushes to your
                  | aid. [demonic ancestry]
   177 | D:1      | Reached XP level 3. HP: 20/29 MP: 3/3
   489 | D:1      | Reached skill level 1 in Dodging
   774 | D:2      | Noticed Robin
   835 | D:2      | Killed Robin
   835 | D:2      | Gained mutation: You are partially covered in large bone
                  | plates. (SH +4) [demonic ancestry]
   835 | D:2      | Reached XP level 4. HP: 11/35 MP: 4/4
  1546 | D:2      | Found an opulent altar of Gozag.
  1670 | D:3      | Noticed an ice beast
  1679 | D:3      | Killed an ice beast
  1679 | D:3      | Gained mutation: You are mostly covered in large bone
                  | plates. (SH +6) [demonic ancestry]
  1679 | D:3      | Reached XP level 5. HP: 35/42 MP: 5/5
  1721 | D:3      | Slain by a killer bee

Levels and vault maps discovered:
D:1:      dpeg_arrival_arbitrary_b, layout_loops_cross
D:2:      layout_loops_ring, lemuel_coloured_pillars_altar, minivault_4,
          uniq_robin
D:3:      layout_basic

Skill      XL: |  1  2  3 |
---------------+----------+-----
Axes           | 2 |  2.7
Armour         | 3 |  3.4
Shields        | 3 |  3.4
Dodging        | 1 |  1.9
Fighting       | |  3.8

Action                   |  1- 3 |  4- 6 || total
-------------------------+-------+-------++-------
Melee: War axe           |   106 |    63 ||   169
  Use: Potion            |     1 |     3 ||     4
       Scroll            |       |     2 ||     2
 Stab: Distracted        |       |     1 ||     1
  Eat: Ration            |       |     1 ||     1
Armor: Scale mail        |    63 |    22 ||    85
Dodge: Dodged            |    42 |    23 ||    65
Block: Shield            |    60 |    70 ||   130

Table legend:
 A = Non-vault XP
 B = Vault XP
 C = Vault XP percentage of total XP
 D = Non-vault monster count
 E = Vault monster count
 F = Vault count percentage of total count
                 A         B        C        D         E       F
            +---------+---------+-------+---------+---------+-------
      Total |     234 |      31 |  11.7 |      52 |      13 |  20.0
            +---------+---------+-------+---------+---------+-------
        D:1 |      58 |       0 |   0.0 |      23 |       0 |   0.0
        D:2 |      52 |      31 |  37.3 |      23 |      13 |  36.1
        D:3 |     124 |       0 |   0.0 |       6 |       0 |   0.0
            +---------+---------+-------+---------+---------+-------
